 Dungeon Crawl Stone Soup version 0.32-a0-422-g28b100f618 (webtiles) character file.

Game seed: 14262893271030171489

52 shadowstone the Chopper (level 3, 0/30 HPs)
             Began as a Mountain Dwarf Reaver on Feb 21, 2024.
             Succumbed to an adder's poison
             ... on level 2 of the Dungeon.
             The game lasted 00:03:37 (5695 turns).

shadowstone the Chopper (Mountain Dwarf Reaver)     Turns: 5695, Time: 00:03:37

Health: 0/30       AC:  3    Str: 14    XL:     3   Next: 60%
Magic:  5/5        EV: 11    Int: 15    God:
Gold:   60         SH:  0    Dex:  8    Spells: 2/5 levels left

rFire   . . .        a - +0 hand axe
rCold   . . .        (no shield)
rNeg    . . .        b - +0 leather armour
rPois   .            (no helmet)
rElec   .            (no cloak)
rCorr   .            (no gloves)
SInv    .            (no boots)
Will    .....        (no amulet)
Stlth   +            (no ring)
HPRegen 0.25/turn    (no ring)
MPRegen 0.09/turn

%: no passive effects
@: lethally poisoned (0 -> -3)
A: runic magic, artefact enchanting
a: no special abilities


You were on level 2 of the Dungeon.
You visited 1 branch of the dungeon, and saw 2 of its levels.

You collected 60 gold pieces.

Inventory:

Hand Weapons
 a - a +0 hand axe (weapon)
Missiles
 g - 3 poisoned darts
Armour
 b - a +0 leather armour (worn)
 d - a +0 ring mail
 i - a +0 ring mail
Scrolls
 c - a scroll of teleportation {unknown}
 f - a scroll of fear {unknown}
 h - a scroll of identify {unknown}
Potions
 e - a potion of heal wounds {unknown}


   Skills:
 + Level 2.4 Fighting
 + Level 4.2 Axes
 + Level 1.7 Armour
 + Level 1.7 Dodging
 + Level 0.2 Stealth
 + Level 1.8 Spellcasting
 + Level 3.0 Conjurations


You had 2 spell levels left.
You knew the following spells:

 Your Spells              Type           Power      Damage    Failure   Level
a - Kiss of Death         Conj/Necr      20%        2d7       13%         1
b - Momentum Strike       Conj/Tloc      10%        3d8       19%         2

Your spell library contained the following spells:

 Spells                   Type           Power      Damage    Failure   Level
 Hailstorm                Conj/Ice       5%         3d5       36%         3


Dungeon Overview and Level Annotations

Branches:
Dungeon (2/15)

Altars:


Innate Abilities, Weirdness & Mutations

Your spellcasting is much less encumbered by armour.
You can use scrolls of enchantment on lesser artefacts.


Message History

The adder poisons you!
You barely miss the adder. You hit the hobgoblin but do no damage.
You feel sick. The adder bites you.
You are more poisoned.
The adder poisons you! The adder misses you. The hobgoblin barely misses you.
You miss the adder. You hit the hobgoblin but do no damage.
You feel sick. The adder bites you. The hobgoblin hits you.
You hit the adder.
The adder is lightly wounded.
You barely miss the hobgoblin. You hit the endoplasm.
You feel sick. The adder bites you. The endoplasm hits you.
The hobgoblin closely misses you. The adder bites you but does no damage.
You miss the adder.
The adder is lightly wounded.
You barely miss the hobgoblin. You completely miss the endoplasm.
You feel sick.
The endoplasm jiggles.
The endoplasm hits you. The adder bites you.
* * * LOW HITPOINT WARNING * * *
The hobgoblin hits you but does no damage.
You barely miss the adder.
The adder is lightly wounded.
You hit the endoplasm.
You kill the endoplasm!
You closely miss the hobgoblin.
You feel sick. The adder bites you but does no damage. The hobgoblin hits you.
* * * LOW HITPOINT WARNING * * *
The adder bites you.
* * * LOW HITPOINT WARNING * * *
You hit the adder.
The adder is moderately wounded.
You barely miss the hobgoblin.
* * * LOW HITPOINT WARNING * * *
You feel sick.
The hobgoblin hits you but does no damage.
The adder bites you but does no damage.
You barely miss the adder.
The adder is moderately wounded.
You closely miss the hobgoblin.
You die...

... .... ... ...
#.### #...###
####.#######...###
.......<..)...S@.#
####.###..[...g...#
#......$...#
.........#...#
...#......#...#
#.###......##### #
########


You could see an adder and a hobgoblin.

Vanquished Creatures
  A dart slug (D:1)
  5 endoplasms
  A giant cockroach (D:1)
  3 goblins
  A hobgoblin (D:1)
  4 jackals (D:1)
  2 kobolds (D:1)
  A quokka (D:1)
  A ball python (D:1)
  5 bats (D:1)
  2 frilled lizards (D:1)
  A rat (D:1)
27 creatures vanquished.

Notes
Turn   | Place    | Note
-------+----------+-------------------------------------------
     0 | D:1      | shadowstone the Mountain Dwarf Reaver began the quest for
                  | the Orb.
     0 | D:1      | Reached XP level 1. HP: 17/17 MP: 3/3
  4998 | D:1      | Glimpsed the power of Zot.
  5018 | D:1      | Reached skill level 4 in Axes
  5018 | D:1      | Reached XP level 2. HP: 15/22 MP: 4/4
  5021 | D:1      | Learned a level 2 spell: Momentum Strike
  5244 | D:1      | Reached skill level 1 in Armour
  5278 | D:1      | Reached XP level 3. HP: 18/30 MP: 5/5
  5492 | D:1      | Glimpsed the power of Zot.
  5694 | D:2      | HP: 1/30 [poisoned by an adder]
  5695 | D:2      | Succumbed to an adder's poison

Illustrated notes

Levels and vault maps discovered:
D:1:      wander_arrival_lonely_grave, layout_basic, minmay_box_of_dots
D:2:      layout_rooms, grunt_ministairs_5, roderic_lattice_a,
          kennysheep_generic_room_12

Skill      XL: |  1  2 |
---------------+-------+-----
Axes           | 4 |  4.2
Conjurations   | 3 |  3.0
Armour         | 1 |  1.7
Fighting       | |  2.4
Dodging        | |  1.7
Stealth        | |  0.2
Spellcasting   | |  1.8

Action                     || total
---------------------------++-------
  Melee: Hand axe          ||   102
   Cast: Kiss of Death     ||     1
 Armour: Leather armour    ||   130
  Dodge: Dodged            ||   125

Table legend: (Time is in decaauts)
 A = Elapsed time spent in this place.
 B = Non-inter-level travel time spent in this place.
 C = Inter-level travel time spent in this place.
 D = Time resting spent in this place.
 E = Time spent auto-exploring this place.
 F = Levels seen in this place.
 G = Mean time per level.
                   A        B        C        D        E       F      G
               +--------+--------+--------+--------+--------+-----+--------+
         Total |   5704 |   5704 |      0 |   5098 |     87 |   2 | 2852.0 |
       Dungeon |   5704 |   5704 |      0 |   5098 |     87 |   2 | 2852.0 |
               +--------+--------+--------+--------+--------+-----+--------+

Top non-repeatable levels by time:
     D:1: 5681 daAuts
     D:2: 22 daAuts
